 Dungeon Crawl Stone Soup version 0.20-a0-950-g92a50c4 (webtiles) character file.

61 Firecrotchwizard the Skirmisher (level 3, -4/33 HPs)
             Began as a Minotaur Fighter on Apr 4, 2017.
             Slain by a hobgoblin
             ... wielding a +0 club
             ... led by Robin
              (5 damage)
             ... on level 2 of the Dungeon.
             The game lasted 00:02:37 (1025 turns).

Firecrotchwizard the Skirmisher (Minotaur Fighter)  Turns: 1025, Time: 00:02:38

Health: -4/33      AC:  7    Str: 20    XL:     3   Next: 83%
Magic:  2/2        EV:  7    Int:  5    God:
Gold:   57         SH:  9    Dex: 10    Spells: 2/2 levels left

rFire    . . .     SeeInvis .   a - +0 long sword
rCold    . . .     Gourm    .   c - +0 shield
rNeg     . . .     Faith    .   b - +0 scale mail
rPois    .         Spirit   .   (helmet restricted)
rElec    .         Reflect  .   (no cloak)
rCorr    .         Harm     .   (no gloves)
MR       .....                  (no boots)
Stlth    ..........             (no amulet)
Regen    0.2/turn               (no ring)
MPRegen  0.1/turn               (no ring)

@: no status effects
A: retaliatory headbutt, horns 2
a: no special abilities


You were on level 2 of the Dungeon.
You were not hungry.

You visited 1 branch of the dungeon, and saw 2 of its levels.

You collected 57 gold pieces.

Inventory:

Hand Weapons
 a - a +0 long sword (weapon)
Armour
 b - a +0 scale mail (worn)
 c - a +0 shield (worn)
Jewellery
 l - an uncursed ring of magical power {unknown}
Scrolls
 e - a scroll of enchant weapon {unknown}
 h - a scroll of remove curse {unknown}
 j - a scroll of enchant armour {unknown}
Potions
 d - a potion of might
 g - a potion of ambrosia {unknown}
 i - a potion of haste {unknown}
 m - a potion of invisibility {unknown}
Comestibles
 f - a bread ration
 k - 2 chunks of flesh


   Skills:
 + Level 4.2 Fighting
 * Level 4.0 Long Blades
 + Level 4.0 Armour
 + Level 3.9 Shields


You had 2 spell levels left.
You didn't know any spells.

Dungeon Overview and Level Annotations

Branches:
Dungeon (2/15)

Altars:
Nemelex Xobeh


Innate Abilities, Weirdness & Mutations

You reflexively headbutt those who attack you in melee.
You have a pair of horns on your head.


Message History

Robin hits you with an enchanted trident.
* * * LOW HITPOINT WARNING * * *
You barely miss Robin.
Robin is almost dead.
Robin hits you with an enchanted trident.
* * * LOW HITPOINT WARNING * * *
You hit Robin.
You kill Robin!
Your Armour skill increases to level 4!
The leopard gecko bites you but does no damage.
You completely miss the leopard gecko.
The leopard gecko bites you but does no damage.
Your shield and scale mail prevent you from hitting the leopard gecko.
You block the leopard gecko's attack.
The leopard gecko bites you but does no damage.
You hit the leopard gecko.
You kill the leopard gecko!
Your Long Blades skill increases to level 4!
The hobgoblin hits you with a club.
You die...

##.#.# #..#.#####..##
#....# #..........<.#
#.#..###.##.#####....
#....##..........#..#
#.##.##..............
####.##..#............##
...#.###....####.##.#.#
##.........# #)# # #
###.###....# #@#
...##.#.## #g# ####....
... .. ...... ..... .#
#..##.# ###.... .# #...
... #).$.. .# ... .#.
#...... <# ... ........
.# ...


You could see a hobgoblin.

Vanquished Creatures
  Robin (D:2)
  An adder (D:2)
  2 oozes
  A leopard gecko (D:2)
  10 goblins
  6 hobgoblins
  2 kobolds
  A bat (D:2)
  A frilled lizard (D:1)
  4 rats
29 creatures vanquished.

Notes
Turn   | Place    | Note
-------+----------+-------------------------------------------
     0 | D:1      | Firecrotchwizard the Minotaur Fighter began the quest for the Orb.
     0 | D:1      | Reached XP level 1. HP: 19/19 MP: 0/0
   292 | D:1      | Reached XP level 2. HP: 26/27 MP: 1/1
   641 | D:1      | Found a sparkling altar of Nemelex Xobeh.
   977 | D:2      | Reached XP level 3. HP: 32/33 MP: 2/2
   986 | D:2      | Noticed Robin
  1021 | D:2      | HP: 1/33 [Robin/enchanted trident (2)]
  1022 | D:2      | Killed Robin
  1025 | D:2      | Slain by a hobgoblin

Vault maps used:
D:1:      sevenhm_arrival_forest_fort_large_1, nemelex_altar_shiori
D:2:      minmay_overflow_temple_star_hex, first_bread, uniq_natasha, uniq_robin

Skill      XL: |  1  2  3 |
---------------+----------+-----
Long Blades    | 3 4 |  4.0
Fighting       | 4 |  4.2
Armour         | 4 |  4.0
Shields        | |  3.9

Action                   || total
-------------------------++-------
Melee: Long sword        ||    77
       Headbutt          ||     7
Armor: Scale mail        ||    34
Dodge: Dodged            ||    20
Block: Shield            ||    51
       Rpst.: Long sword ||     3
